 Dungeon Crawl Stone Soup version 0.32-a0-921-g04a7ad8e02 (webtiles) character file.

Game seed: 3501555609438751424

98 RedFox the Trooper (level 4, -4/40 HPs)
             Began as a Mountain Dwarf Fighter on Apr 12, 2024.
             Killed from afar by an efreet (12 damage)
             ... with a bolt of fire
             ... on level 1 of the Abyss.
             The game lasted 00:10:56 (1782 turns).

RedFox the Trooper (Mountain Dwarf Fighter)         Turns: 1782, Time: 00:10:57

Health: -4/40      AC: 13    Str: 21    XL:     4   Next: 44%
Magic:  4/4        EV:  7    Int:  8    God:
Gold:   69         SH:  4    Dex:  9    Spells: 3/3 levels left

rFire   . . .        a - +5 war axe
rCold   . . .        c - +0 buckler
rNeg    . . .        q - +0 chain mail
rPois   .            (no helmet)
rElec   .            b - +0 cloak
rCorr   .            (no gloves)
SInv    .            l - +2 pair of boots
Will    .....        (no amulet) Stlth
                     (no ring)
HPRegen 0.26/turn    (no ring)
MPRegen 0.09/turn

%: no passive effects
@: hasted, very quick
A: runic magic, artefact enchanting
a: no special abilities


You were on level 1 of the Abyss.
You visited 1 branch of the dungeon, and saw 3 of its levels.
You visited the Abyss 1 time.

You collected 69 gold pieces.

Inventory:

Hand Weapons
 a - a +5 war axe (weapon)
Missiles
 j - 7 poisoned darts
 r - 4 boomerangs (quivered)
Armour
 b - a +0 cloak (worn)
 c - a +0 buckler (worn)
 l - a +2 pair of boots (worn)
 q - a +0 chain mail (worn)
Scrolls
 f - a scroll of immolation
 n - a scroll of teleportation
 o - a scroll of noise {unknown}
Potions
 d - a potion of might
 k - a potion of mutation {unknown}
 m - a potion of degeneration {unknown}
 p - a potion of curing {unknown}


   Skills:
 + Level 4.1 Fighting
 + Level 3.7 Axes
 + Level 4.0 Armour
 + Level 0.3 Dodging
 + Level 0.5 Stealth
 + Level 3.5 Shields


You had 3 spell levels left.
You didn't know any spells.
Your spell library was empty.

Dungeon Overview and Level Annotations

Branches:
Dungeon (3/15)

Altars:


Innate Abilities, Weirdness & Mutations

Your spellcasting is much less encumbered by armour.
You can use scrolls of enchantment on lesser artefacts.


Message History

The gnoll shouts!
Things that are here:
5 gold pieces; a +0 club; a gnoll corpse You now have 69 gold pieces (gained 5).
A gnoll comes into view. It is wielding a +0 spear.
You closely miss the gnoll.
The gnoll shouts!
The gnoll hits you with a +0 whip of distortion.
Space warps around you.
You hit the gnoll but do no damage. You block the gnoll's attack.
You closely miss the gnoll.
The gnoll hits you with a +0 whip of distortion.
Space warps around you.
You closely miss the gnoll. The gnoll hits you but does no damage.
You are cast into the Abyss!
This branch contains the abyssal rune of Zot.
An efreet comes into view.
It is wielding a +1 scimitar of flaming.
The efreet gestures at you. The bolt of fire hits you!!
Ouch! That really hurt!
* * * LOW HITPOINT WARNING * * *
The efreet closely misses you.
You slash the efreet!
The efreet is moderately wounded.
The efreet hits you with a +1 scimitar of flaming.
* * * LOW HITPOINT WARNING * * *
The efreet burns you.
* * * LOW HITPOINT WARNING * * *
Unknown command.
It was a potion of heal wounds.
You feel much better.
The efreet hits you with a +1 scimitar of flaming!
The efreet burns you.
You feel yourself speed up.
The efreet hits you with a +1 scimitar of flaming.
* * * LOW HITPOINT WARNING * * *
The efreet burns you.
* * * LOW HITPOINT WARNING * * *
The efreet gestures at you. The bolt of fire hits you!
You die...

#......## ##. #######
... #...#..# #... .. ...
# ##.#.°# #####.##.. #
##....R######.........
..#.....☼#°R....##......
#..
.......#☼.#....##....#.
..#.....#.####..##......
. ##.. ###. ##...##.#..
.. #.## #. ##@....#.. .
... .. #.##.##.. . ....
.. ### #.#. ... ... .
... ## .. ..... .##


You could see an efreet.

Vanquished Creatures
  Crazy Yiuf (D:2)
  2 gnolls
  An adder (D:2)
  A dart slug (D:1)
  A ribbon worm (D:2)
  6 ball pythons
  3 bats
  An endoplasm (D:2)
  2 giant cockroaches
  6 goblins (D:1)
  2 jackals (D:2)
  4 kobolds
  A quokka (D:1)
  2 frilled lizards
  4 rats
37 creatures vanquished.

Notes
Turn   | Place    | Note
-------+----------+-------------------------------------------
     0 | D:1      | RedFox the Mountain Dwarf Fighter began the quest for the
                  | Orb.
     0 | D:1      | Reached XP level 1. HP: 19/19 MP: 1/1
   120 | D:2      | Reached XP level 2. HP: 27/27 MP: 2/2
   739 | D:1      | Reached XP level 3. HP: 33/33 MP: 3/3
  1655 | D:2      | Found a runed translucent door.
  1656 | D:2      | Noticed Crazy Yiuf
  1662 | D:2      | Killed Crazy Yiuf
  1663 | D:2      | Reached XP level 4. HP: 34/40 MP: 4/4
  1745 | Abyss:1  | Cast into level 1 of the Abyss (gnoll)
  1767 | Abyss:1  | Noticed an efreet
  1771 | Abyss:1  | HP: 2/40 [efreet/+1 scimitar of flaming (3)]
  1782 | Abyss:1  | Killed from afar by an efreet

Illustrated notes

Levels and vault maps discovered:
D:1:      dpeg_arrival_pond, layout_basic, minmay_pentomino_w2
D:2:      layout_basic, uniq_crazy_yiuf_cottage
D:3:      layout_basic
Abyss:1:  base:
D:2

Skill      XL: |  1  2  3 |
---------------+----------+-----
Axes           | 3 |  3.7
Fighting       | 4 |  4.1
Armour         | 4 |  4.0
Dodging        | |  0.3
Stealth        | |  0.5
Shields        | |  3.5

Action                     |  1- 3 |  4- 6 || total
---------------------------+-------+-------++-------
  Melee: War axe           |    72 |    17 ||    89
    Use: Scroll            |     9 |       ||     9
         Potion            |     1 |     2 ||     3
 Armour: Scale mail        |    74 |       ||    74
         Chain mail        |     1 |    19 ||    20
  Dodge: Dodged            |    35 |     3 ||    38
  Block: Buckler           |    19 |     4 ||    23

Table legend: (Time is in decaauts)
 A = Elapsed time spent in this place.
 B = Non-inter-level travel time spent in this place.
 C = Inter-level travel time spent in this place.
 D = Time resting spent in this place.
 E = Time spent auto-exploring this place.
 F = Levels seen in this place.
 G = Mean time per level.
                   A        B        C        D        E       F      G
               +--------+--------+--------+--------+--------+-----+--------+
         Total |   1814 |   1814 |      0 |     58 |      0 |   4 |  453.5 |
       Dungeon |   1779 |   1779 |      0 |     58 |      0 |   3 |  593.0 |
         Abyss |     34 |     34 |      0 |      0 |      0 |   1 |   34.0 |
               +--------+--------+--------+--------+--------+-----+--------+

Top non-repeatable levels by time:
     D:1: 1351 daAuts
     D:2: 324 daAuts
     D:3: 103 daAuts
 Abyss:1: 34 daAuts
